Map: Catalyst LE

Players

Namshar

  • Race: Zerg Zerg
  • Spawn Location: 11:00

Dayshi - Winner!

  • Race: Terran Terran
  • Spawn Location: 5:00

Event: IEM Season 12 - Katowice

VOD

Have the link to the VOD?

Description

Time

  • Played on: Feb. 27, 2018, 6:43 a.m.
  • Length: 20:06

All games in this series

Show
View Real Time Build Order
Export as new Build Order

Namshar Zerg 

Build Orders: Hatch First, Roach Hydra 

Get SALT Encoding   

  12  0:00  Drone  
  13  0:12  Overlord  
  13  0:17  Drone  
  14  0:30  Drone  
  14  0:31  Drone  
  14  0:35  Drone  
  17  0:52  Hatchery  
  17  0:54  Drone  
  17  0:58  Drone  
  18  1:08  Extractor  
  17  1:14  Spawning Pool  
  17  1:16  Drone  
  17  1:19  Drone  
  18  1:30  Drone  
  19  1:40  Drone  
  20  1:49  Overlord  
  20  2:02  Queen  
  20  2:03  Queen  
  20  2:04  Zergling x4  
  26  2:11  Metabolic Boost  
  26  2:13  Drone  
  26  2:15  Drone  
  28  2:21  Drone  
  29  2:26  Drone  
  30  2:35  Overlord  
  30  2:37  Queen  
  30  2:38  Drone  
  33  2:44  Queen  
  33  2:50  Overlord  
  35  2:52  Overlord  
  35  2:58  Spore Crawler  
  35  3:04  Zergling x4  
  36  3:15  Drone  
  36  3:16  Drone  
  38  3:20  Zergling x2  
  38  3:22  Queen  
  38  3:24  Drone  
  38  3:25  Drone x2  
  44  3:29  Drone  
  44  3:30  Drone, Roach Warren  
  45  3:40  Drone  
  46  3:46  Drone  
  46  3:47  Drone x3  
  50  3:53  Hatchery  
  49  3:56  Extractor  
  49  3:57  Drone  
  49  3:58  Drone  
  50  4:05  Lair, Overlord  
  50  4:09  Zergling x2  
  51  4:10  Overlord  
  51  4:15  Drone  
  52  4:17  Overlord  
  52  4:20  Spore Crawler  
  51  4:25  Drone  
  51  4:26  Drone x2  
  51  4:27  Drone x2  
  56  4:35  Roach  
  56  4:36  Roach x2  
  62  4:41  Overlord  
  62  4:42  Roach  
  64  4:49  Overlord  
  64  4:54  Roach  
  64  4:56  Drone x2  
  67  5:05  Drone  
  68  5:07  Drone x2  
  68  5:09  Drone x2  
  68  5:10  Queen  
  68  5:12  Glial Reconstitution  
  74  5:14  Drone  
  74  5:16  Evolution Chamber  
  74  5:17  Evolution Chamber  
  73  5:22  Roach  
  73  5:24  Drone x2, Overlord  
  77  5:31  Drone x2  
  78  5:38  Drone x2  
  78  5:39  Overseer  
  78  5:42  Spore Crawler  
  78  5:43  Queen  
  78  5:45  Extractor  
  78  5:46  Spore Crawler, Drone  
  78  5:47  Drone x7  
  78  5:49  Spore Crawler  
  85  5:53  Spore Crawler  
  85  5:56  Drone x4  
  90  6:03  Zerg Missile Weapons Level 1  
  90  6:06  Extractor x2, Zerg Ground Armor Level 1  
  90  6:07  Drone  
  90  6:08  Extractor  
  86  6:23  Drone  
  86  6:24  Drone x4  
  86  6:25  Overlord x3  
  90  6:39  Overlord  
  90  6:43  Drone x2  
  90  6:44  Drone, Hatchery  
  92  6:48  Drone x2  
  92  6:49  Infestation Pit  
  92  6:50  Hydralisk Den  
  92  6:54  Overlord  
  92  6:55  Roach x3  
  92  6:56  Roach x3  
  104  7:02  Overseer  
  104  7:13  Drone x6  
  104  7:14  Drone x2  
  112  7:27  Roach x4  
  112  7:28  Roach  
  122  7:34  Hive, Grooved Spines  
  122  7:46  Drone  
  122  7:47  Drone x2  
  122  7:55  Roach x3  
  124  8:10  Hatchery  
  123  8:16  Hydralisk  
  123  8:18  Overlord x6  
  125  8:24  Overlord  
  125  8:27  Spine Crawler  
  125  8:28  Drone x2  
  125  8:29  Spine Crawler  
  125  8:34  Overlord x2, Hatchery  
  125  8:37  Extractor  
  125  8:39  Extractor  
  125  8:41  Hydralisk x11  
  122  8:43  Hydralisk  
  122  8:46  Muscular Augments  
  146  8:55  Hatchery  
  146  9:00  Hatchery  
  146  9:02  Overlord  
  144  9:04  Zerg Ground Armor Level 2, Zerg Missile Weapons Level 2  
  144  9:06  Viper x2  
  144  9:08  Viper  
  153  9:13  Drone x3  
  153  9:14  Drone  
  157  9:25  Hydralisk x4  
  153  9:40  Hatchery  
  153  9:41  Drone  
  153  9:43  Drone x7  
  153  9:45  Extractor  
  159  9:57  Drone x6  
  164  10:05  Hydralisk  
  164  10:06  Hydralisk x5  
  176  10:12  Viper  
  179  10:17  Extractor  
  179  10:18  Spine Crawler  
  177  10:21  Hydralisk x4  
  177  10:27  Viper  
  188  10:28  Viper  
  188  10:34  Hydralisk x4  
  199  10:37  Drone  
  195  10:57  Hydralisk x2  
  199  11:11  Hydralisk x7  
  176  11:15  Pneumatized Carapace  
  174  11:21  Viper  
  174  11:22  Viper  
  173  11:32  Hydralisk x4  
  174  11:34  Hydralisk x2  
  174  11:35  Hydralisk x2  
  182  11:49  Drone  
  182  11:50  Drone  
  168  12:03  Hatchery  
  167  12:09  Drone  
  167  12:10  Drone x5  
  167  12:13  Zerg Missile Weapons Level 3, Zerg Ground Armor Level 3  
  165  12:18  Drone  
  165  12:19  Drone x3  
  165  12:24  Hydralisk x3  
  165  12:25  Roach  
  165  12:28  Hatchery  
  172  12:30  Drone x2  
  172  12:31  Hatchery  
  174  12:37  Drone x2  
  174  12:38  Drone x2  
  174  12:40  Drone  
  174  12:43  Drone  
  174  12:44  Drone  
  173  12:49  Drone  
  162  12:56  Drone x2  
  164  12:59  Viper x2  
  164  13:02  Viper  
  173  13:12  Hydralisk x3  
  179  13:23  Hydralisk x4  
  174  13:30  Drone x4  
  171  13:55  Hydralisk x4  
  174  14:11  Drone x3  
  174  14:16  Hydralisk  
  175  14:17  Hydralisk x8  
  175  14:21  Drone x5  
  184  14:49  Drone  
  184  14:52  Drone x3  
  183  14:53  Drone  
  183  14:54  Drone x3  
  183  14:55  Drone  
  183  14:56  Drone x2, Spine Crawler  
  183  14:57  Spine Crawler  
  188  15:00  Hydralisk x5  
  179  15:17  Hydralisk  
  179  15:18  Hydralisk x4  
  169  15:26  Drone x5  
  170  15:29  Drone  
  171  15:37  Drone x2  
  173  15:48  Drone x2, Hydralisk  
  173  15:49  Hydralisk x3  
  175  15:57  Drone x4  
  175  16:03  Hydralisk x2  
  177  16:21  Extractor  
  177  16:23  Hydralisk  
  174  16:36  Hatchery  
  155  16:55  Hydralisk x4  
  155  16:56  Hydralisk x4  
  155  17:01  Drone  
  172  17:05  Hydralisk x2  
  176  17:14  Hydralisk x2  
  176  17:15  Roach x2  
  115  17:41  Hydralisk x4  
  118  17:49  Viper  
  118  17:51  Viper  
  122  18:06  Viper  
  122  18:07  Viper  
  116  18:20  Hydralisk x5  
  116  18:45  Hydralisk x5  
  108  19:05  Hydralisk  
  108  19:06  Hydralisk x3  
  104  19:20  Hydralisk  
  104  19:21  Hydralisk x2  
  107  19:30  Hydralisk x2  
Show
View Real Time Build Order
Export as new Build Order

Dayshi Terran - Winner!

Build Orders: Gas First Reaper Expand, Reaper Expand, Hellion Banshee, Mech 

Get SALT Encoding   

  12  0:00  SCV  
  13  0:12  SCV  
  14  0:17  Supply Depot  
  14  0:24  SCV  
  15  0:31  Refinery  
  15  0:39  SCV  
  16  0:44  Barracks  
  16  0:51  SCV  
  17  1:03  SCV  
  18  1:15  SCV  
  19  1:31  Reaper, Orbital Command  
  20  1:43  Command Center  
  20  1:57  SCV  
  20  1:59  Factory  
  21  2:07  Barracks Reactor  
  21  2:09  SCV  
  21  2:14  Supply Depot  
  22  2:20  Engineering Bay  
  22  2:22  SCV  
  23  2:34  Refinery  
  23  2:35  SCV  
  24  2:47  SCV  
  24  2:49  Starport  
  25  3:00  SCV, Barracks Tech Lab, Hellion x2  
  30  3:10  Orbital Command  
  30  3:12  SCV  
  30  3:24  SCV  
  30  3:25  Hellion x2  
  35  3:31  Viking  
  37  3:34  Cloaking Field  
  37  3:37  SCV  
  37  3:39  SCV  
  39  3:45  Supply Depot  
  39  3:49  SCV  
  39  3:51  SCV  
  41  3:57  Hellion x2  
  41  4:01  Supply Depot  
  41  4:02  SCV  
  46  4:07  SCV  
  47  4:13  Banshee  
  47  4:14  SCV  
  51  4:19  SCV  
  52  4:30  Command Center  
  52  4:32  SCV x2  
  52  4:35  Supply Depot  
  54  4:40  Hellion  
  54  4:41  Hellion  
  54  4:44  SCV x2  
  60  4:56  SCV x2  
  60  4:57  Banshee  
  65  5:06  Refinery  
  65  5:07  Refinery, Armory  
  65  5:08  SCV x2  
  65  5:17  Barracks Tech Lab  
  65  5:18  Hellion  
  65  5:20  Factory  
  67  5:21  Factory  
  67  5:22  Hellion  
  67  5:23  SCV  
  67  5:28  SCV  
  70  5:42  SCV x2  
  72  5:45  Orbital Command  
  72  5:48  Supply Depot  
  72  5:49  Supply Depot  
  72  5:50  Starport Reactor  
  72  5:54  SCV x2  
  74  5:57  Hellion x2  
  78  6:06  SCV x2  
  78  6:19  SCV x2  
  78  6:22  Orbital Command  
  78  6:23  Hellion x2, Thor x2  
  94  6:31  SCV x2  
  94  6:32  Supply Depot x2  
  96  6:33  Medivac x2  
  100  6:43  SCV  
  100  6:46  Terran Vehicle Weapons Level 1  
  101  6:49  Armory  
  101  6:53  SCV  
  101  6:54  Hellion x2  
  106  6:56  Supply Depot, SCV x2  
  106  6:58  Refinery  
  108  7:02  Refinery  
  108  7:07  SCV  
  109  7:08  SCV  
  109  7:10  Siege Tank x2  
  109  7:15  SCV  
  117  7:20  SCV  
  117  7:21  SCV  
  119  7:27  SCV  
  119  7:28  Supply Depot  
  116  7:30  Supply Depot  
  116  7:32  SCV  
  116  7:33  SCV  
  118  7:39  SCV  
  118  7:44  SCV  
  120  7:57  Siege Tank x2, Hellbat x2  
  120  7:58  Viking x2  
  128  7:59  SCV x2  
  128  8:01  Supply Depot  
  128  8:02  Factory x2, Command Center  
  132  8:24  Hellion, Hellbat  
  134  8:28  Viking x2  
  134  8:29  Supply Depot, Siege Tank x2, Engineering Bay  
  144  8:39  Command Center  
  141  8:50  Factory Reactor  
  141  8:51  Factory Tech Lab  
  141  8:56  Supply Depot  
  141  9:01  Siege Tank  
  141  9:02  Sensor Tower  
  144  9:06  Hellion  
  144  9:07  Viking x2, Hellion  
  144  9:08  Siege Tank  
  144  9:09  Terran Vehicle Weapons Level 2  
  155  9:13  Terran Vehicle And Ship Armor Level 1  
  153  9:32  Siege Tank  
  153  9:33  Siege Tank, Hellbat x3  
  163  9:38  Viking  
  163  9:39  Viking  
  163  9:40  Siege Tank  
  163  9:41  Hellion  
  166  9:50  Refinery  
  166  9:54  Hellbat, Refinery  
  164  10:01  Infernal Pre-Igniter, Hellion x2  
  164  10:02  Hellion  
  164  10:04  Siege Tank  
  164  10:06  Orbital Command  
  173  10:09  Planetary Fortress  
  173  10:16  Hellion, Siege Tank  
  173  10:17  Hellion  
  180  10:22  Hellion  
  182  10:28  Hellion  
  182  10:29  Hellion x5  
  182  10:30  SCV x3  
  185  10:36  Viking x2  
  185  10:37  Siege Tank  
  185  10:38  Siege Tank  
  195  10:49  Hellbat x2  
  195  10:50  SCV  
  196  11:06  Siege Tank  
  196  11:07  Hellbat  
  196  11:09  Siege Tank  
  187  11:12  Siege Tank, Hellbat  
  183  11:19  Hellbat  
  183  11:25  Hellbat  
  187  11:27  Viking  
  187  11:28  Viking  
  187  11:34  Hellbat  
  187  11:38  Siege Tank  
  192  11:41  Siege Tank  
  192  11:44  Siege Tank, Command Center  
  192  11:45  Terran Vehicle And Ship Armor Level 2  
  198  11:52  Command Center  
  196  12:00  Hellbat  
  183  12:09  Hellion x5  
  183  12:11  Siege Tank  
  183  12:13  Siege Tank  
  187  12:16  Siege Tank  
  187  12:18  Hellbat  
  187  12:19  Viking x2  
  192  12:26  Hellbat  
  192  12:27  Hellbat x2  
  198  12:39  Hellion  
  200  12:48  Siege Tank x2  
  196  12:52  Fusion Core  
  196  12:54  Starport x2  
  196  12:56  Factory x2  
  196  13:06  Sensor Tower  
  196  13:21  Refinery  
  185  13:32  Refinery  
  178  13:45  Siege Tank x2  
  178  13:46  Hellion x3  
  190  13:55  Viking x2  
  189  13:56  Starport Reactor, Starport Tech Lab  
  181  14:05  Hellion, Siege Tank  
  181  14:07  Hellion  
  178  14:17  Siege Tank  
  181  14:33  Hellion x6, Siege Tank  
  181  14:34  Hellbat  
  181  14:37  Siege Tank  
  175  14:38  Viking x2  
  175  14:39  Viking x2  
  181  14:51  Liberator  
  181  14:52  Siege Tank, Hellbat x3, Liberator  
  180  14:56  Viking  
  180  14:57  Factory Reactor  
  180  14:58  Advanced Ballistics, Factory Tech Lab  
  182  15:02  Planetary Fortress  
  182  15:05  Siege Tank, Command Center  
  174  15:08  Viking x2, Liberator  
  164  15:21  Liberator x2  
  164  15:24  Siege Tank x3  
  164  15:25  Hellbat x2  
  164  15:27  Hellbat x2  
  184  15:37  Siege Tank, Hellbat x2  
  184  15:41  Terran Vehicle And Ship Armor Level 3, Terran Vehicle Weapons Level 3  
  197  15:47  Hellbat  
  199  15:51  Liberator  
  199  15:56  Siege Tank  
  191  16:16  Siege Tank x2, Hellbat  
  199  16:23  Liberator  
  199  16:33  Command Center  
  199  16:34  Command Center  
  190  16:40  Viking x3  
  190  16:45  Siege Tank  
  190  16:46  Hellbat  
  186  16:59  Viking, Liberator x3  
  188  17:06  Liberator  
  188  17:12  Liberator  
  183  17:30  Siege Tank  
  183  17:31  Siege Tank, Hellbat  
  162  17:38  Siege Tank x2  
  162  17:39  Hellbat  
  162  17:42  Hellbat, Liberator x3  
  162  17:49  Liberator  
  162  17:57  Hellbat  
  164  18:03  Siege Tank x2  
  178  18:07  SCV x2  
  178  18:08  SCV  
  178  18:10  Siege Tank x2  
  177  18:31  Hellbat  
  174  18:35  Siege Tank x2  
  179  18:42  Siege Tank, Planetary Fortress  
  179  18:59  Siege Tank, Hellbat, Orbital Command  
  172  19:07  Siege Tank x2, Hellbat  
  174  19:20  Siege Tank  
  174  19:21  Hellbat  
  179  19:35  Hellbat, Refinery x2  
  184  19:44  Hellbat  

Tags
 
Add a new tag
Caveats
  • Supply blocks, unpowered buildings, or Contaminate may cause inaccurate times.
  • Supply counts are checked every 10 seconds.